Map: Temple gelé

Players

marcos - Winner!

  • Race: Zerg Zerg
  • League: Platinum
  • Spawn Location: 11:00

zidar

  • Race: Zerg Zerg
  • League: Platinum
  • Spawn Location: 5:00

VOD

Have the link to the VOD?

Description

Time

  • Played on: Nov. 19, 2016, 3:27 p.m.
  • Length: 6:41
Show
View Real Time Build Order
Export as new Build Order

marcos Zerg - Winner!

Build Orders: Hatch First, Zergling Baneling 

Get SALT Encoding   

  12  0:02  Drone  
  13  0:08  Drone  
  14  0:18  Overlord  
  14  0:36  Drone x3  
  17  0:47  Drone  
  18  1:01  Drone  
  18  1:03  Hatchery  
  18  1:09  Drone  
  19  1:22  Spawning Pool  
  19  1:24  Extractor  
  17  1:27  Overlord  
  17  1:43  Drone  
  17  1:44  Drone  
  19  2:12  Queen  
  19  2:13  Zergling x6  
  24  2:17  Queen  
  24  2:19  Zergling x2  
  27  2:35  Drone  
  27  2:36  Drone  
  29  2:39  Baneling Nest  
  29  2:41  Zergling x4  
  30  2:47  Extractor, Drone  
  30  2:51  Queen  
  30  2:57  Queen  
  34  3:04  Metabolic Boost  
  34  3:07  Drone  
  34  3:10  Drone  
  36  3:27  Baneling x2  
  36  3:33  Baneling  
  36  3:34  Baneling  
  29  3:52  Zergling x6  
  30  3:55  Zergling x4  
  30  3:56  Zergling x4  
  30  4:00  Spine Crawler  
  30  4:03  Spine Crawler  
  30  4:05  Zergling x4  
  30  4:17  Baneling  
  30  4:18  Baneling x4  
  30  4:20  Lair  
  30  4:22  Baneling  
  30  4:24  Baneling  
  30  4:38  Baneling x3  
  30  4:41  Drone x2  
  32  4:58  Drone x2  
  32  4:59  Drone x2  
  30  5:47  Overlord x5  
  30  5:51  Zergling x2  
  30  5:52  Zergling x8  
  30  5:54  Baneling  
  30  5:55  Baneling  
  35  6:04  Baneling  
  35  6:05  Baneling  
  35  6:11  Drone  
  36  6:14  Drone  
  36  6:16  Drone  
  38  6:28  Drone x2  
  38  6:29  Drone x2  
Show
View Real Time Build Order
Export as new Build Order

zidar Zerg 

Build Orders: 1 Base Baneling Bust, Pool First 

Get SALT Encoding   

  12  0:01  Drone  
  13  0:10  Drone  
  14  0:14  Extractor  
  14  0:16  Drone  
  14  0:35  Spawning Pool  
  13  0:38  Drone  
  14  0:49  Overlord  
  14  0:59  Overlord  
  14  1:24  Queen  
  16  1:36  Zergling x2  
  16  1:37  Zergling x4  
  16  1:38  Metabolic Boost  
  19  1:51  Zergling x2  
  20  2:03  Zergling x2  
  21  2:17  Baneling Nest  
  21  2:19  Zergling x2  
  21  2:23  Zergling x2  
  22  2:33  Zergling x4  
  22  2:34  Zergling x4  
  26  2:47  Zergling x2  
  27  2:56  Zergling x2  
  28  3:14  Zergling x4  
  28  3:17  Overlord x2  
  30  3:25  Baneling x6  
  15  4:13  Zergling x10  
  20  4:25  Hatchery  
  20  4:28  Zergling x2  
  20  4:33  Zergling x2  
  21  4:40  Zergling x2  
  21  4:44  Zergling x2  
  23  4:50  Drone  
  24  4:55  Drone  
  25  5:08  Baneling x3  
  9  5:53  Drone x4  
  13  6:01  Drone  
  14  6:11  Drone  
  15  6:21  Drone  
  15  6:23  Drone  
Tags
 
Add a new tag
Caveats
  • Supply blocks, unpowered buildings, or Contaminate may cause inaccurate times.
  • Supply counts are checked every 10 seconds.